Match 23638293
Unlisted

Match 23638293
End
Construct Infanterie Kompanie
Selects Luftwaffe Battlegroup
Selects Luftwaffe Pioneer Support
Fallschirmpioneer Squad Paradrop
MG 42 Machine Gun Team
Fallschirmpioneer Squad Paradrop
Selects LG40 Recoilless Gun Paradrop
Fallschirmpioneer Squad Paradrop
LG40 Recoilless Gun Paradrop
Fallschirmpioneer Squad Paradrop
Selects Stuka Strafing Run
Medical Station
Selects Fallschirmjäger Squad Paradrop
Fallschirmjäger Squad Paradrop
Stuka Strafing Run
LG40 Recoilless Gun Paradrop
Fallschirmjäger Squad Paradrop
Stuka Strafing Run
Fallschirmjäger Squad Paradrop
Stuka Strafing Run
Construct Luftwaffe Kompanie
Support Elements
Stuka Strafing Run
Fallschirmjäger Squad Paradrop
Wirbelwind Flakpanzer
Stuka Strafing Run
Selects Infantry Reserves
Stuka Strafing Run
Fallschirmjäger Squad Paradrop
Marder III M Tank Destroyer
Stuka Strafing Run
Fallschirmjäger Squad Paradrop
Selects Stuka Loiter
Pioneer Squad
Stuka Strafing Run
Marder III M Tank Destroyer
Stuka Loiter
Fallschirmjäger Squad Paradrop
Stuka Strafing Run
Marder III M Tank Destroyer
Stuka Strafing Run
Fallschirmpioneer Squad Paradrop
Construct Panzer Kompanie
Stuka Loiter
Sturmpanzer IV Brummbär
Stuka Strafing Run
Fallschirmpioneer Squad Paradrop
Stuka Strafing Run
Fallschirmpioneer Squad Paradrop
UH|ck
UH|dun! ツ
iceman
Enterprise进取丨企业
Ouvertüre
wyydtlls
0
0

Comments sign in to comment!

No comments posted yet!